 Dungeon Crawl Stone Soup version 0.25.1-2-g60ff931df9 (webtiles) character file.

Game seed: 6916646436942246741

19654 hawla the Protected (level 12, 0/154 HPs)
             Began as a Minotaur Artificer on Oct 14, 2020.
             Was an Initiate of Gozag.
             Shot with an arrow by Nessos (7 damage)
             ... on level 14 of the Dungeon.
             The game lasted 00:59:29 (17559 turns).

hawla the Protected (Minotaur Artificer)           Turns: 17559, Time: 00:59:32

Health: 0/154      AC: 26    Str: 24    XL:     12   Next: 38%
Magic:  17/17      EV:  2    Int: 14    God:    Gozag
Gold:   256        SH:  0    Dex: 11    Spells: 11/11 levels left

rFire    . . .     SeeInvis +   R - +5 short sword (freeze)
rCold    . . .     Gourm    .   (no shield)
rNeg     + + +     Faith    .   (armour currently unavailable)
rPois    +         Spirit   .   (helmet currently unavailable)
rElec    .         Reflect  .   (cloak currently unavailable)
rCorr    .         Harm     .   (gloves currently unavailable)
MR       .....     NoTele   +   (boots currently unavailable)
Stlth    +.........             (no amulet)
HPRegen  0.35/turn              p - +6 ring of strength
MPRegen  0.15/turn              r - ring of Logh {Int+2 SInv}

@: tree-form, gold aura, very slightly contaminated, hasted, invisible, very
quick
A: (retaliatory headbutt)
a: Potion Petition, Call Merchant, Bribe Branch, Renounce Religion


You were on level 14 of the Dungeon.
You worshipped Gozag.
Gozag was aware of your devotion.
You were not hungry.
You were a tree.
You visited 2 branches of the dungeon, and saw 15 of its levels.
You also visited: Sewer.

You collected 2462 gold pieces.
You spent 2118 gold pieces at shops.
You paid 88 gold pieces to Gozag.

Inventory:

Hand Weapons
 z - a +2 dagger of venom
 C - a +2 scimitar of flaming
 R - a +5 short sword of freezing (weapon)
Missiles
 a - 7 boomerangs
 e - 3 atropa-tipped darts
 q - 14 poisoned darts (quivered)
Armour
 i - the +1 cloak of Starlight (melded) {rElec rC+ EV+4 Stlth--}
   (You found it on level 11 of the Dungeon)

   It affects your evasion (+4).
   It protects you from cold.
   It insulates you from electricity.
   It makes you much less stealthy.
 j - a +0 pair of gloves (melded)
 x - a +2 chain mail of magic resistance (melded)
 A - a +0 chain mail of cold resistance
 L - a +1 pair of boots (melded)
 M - a scarf of resistance
Jewellery
 p - a +6 ring of strength (left branch)
 r - the ring of Logh (right branch) {Int+2 SInv}
   (You bought it in a shop on level 13 of the Dungeon)

   [ring of see invisible]

   It affects your intelligence (+2).
   It lets you see invisible.
 v - an uncursed ring of protection from magic
 y - the amulet "Busuer" {Inacc rElec rF- Str-2 Int+10}
   (You found it on level 10 of the Dungeon)

   [amulet of inaccuracy]

   It reduces the accuracy of all your attacks.
   It affects your strength (-2).
   It affects your intelligence (+10).
   It makes you vulnerable to fire.
   It insulates you from electricity.
 P - an uncursed ring of resist corrosion
 S - an uncursed ring of protection from cold {unknown}
 T - an uncursed amulet of reflection {unknown}
Wands
 c - a wand of acid (2)
 d - a wand of enslavement (4)
 h - a wand of polymorph (13)
 l - a wand of digging (4)
 B - a wand of disintegration (16)
 G - a wand of clouds (4)
 J - a wand of paralysis (17)
Scrolls
 g - 4 scrolls of teleportation
 n - 4 scrolls of magic mapping
 u - 3 scrolls of enchant armour
 w - 2 scrolls of enchant weapon
 I - 6 scrolls of remove curse
Potions
 k - 4 potions of flight
 m - 2 potions of stabbing
 o - 2 potions of haste
 s - 4 potions of brilliance
 t - 2 potions of curing
 D - a potion of might {unknown}
 F - 2 potions of cancellation
 K - a potion of invisibility
 N - a potion of resistance {unknown}
 Q - a potion of mutation
Miscellaneous
 E - a lightning rod (3/4)
 H - a box of beasts
Comestibles
 f - 9 rations


   Skills:
 + Level 8.3 Fighting
 + Level 8.0(9.5) Short Blades
 + Level 8.9(10.4) Long Blades
   Level 5.5 Staves
 + Level 4.4 Throwing
 + Level 11.9 Armour
 + Level 7.2 Dodging
 - Level 0.7 Stealth
 * Level 9.2 Evocations


You had 11 spell levels left.
You didn't know any spells.
Your spell library contained the following spells:

 Spells                   Type           Power        Failure   Level  Hunger
 Magic Dart               Conj           #...         28%         1    ##.....
 Blink                    Tloc           N/A          41%         2    ###....
 Call Imp                 Summ           #.......     41%         2    ###....
 Searing Ray              Conj           #.....       41%         2    ###....
 Slow                     Hex            #.......     41%         2    ###....
 Conjure Flame            Conj/Fire      #.......     65%         3    ####...
 Dazzling Flash           Conj/Hex       #.....       65%         3    ####...
 Mephitic Cloud           Conj/Pois/Air  #.......     65%         3    ####...
 Fulminant Prism          Conj/Hex       #.........   96%         4    #####..
 Iskenderun's Mystic Bla  Conj/Tloc      #.......     96%         4    #####..


Dungeon Overview and Level Annotations

Branches:
Dungeon (14/15)            Temple (1/1) D:7            Lair (0/6) D:8
    Orc (0/2) D:12          Sewer (visited)
 Vaults: D:13-14

Altars:
Ashenzari
Cheibriados
Dithmenos
Fedhas
Gozag
Hepliaklqana
Kikubaaqudgha
Okawaru
Ru
Sif Muna
Trog
Uskayaw
Xom
Zin
The Shining One

Shops:
D:6 }   D:13 =

Annotations:
D:13 1 runed translucent door
D:14 Nessos


Innate Abilities, Weirdness & Mutations

((You reflexively headbutt those who attack you in melee.))
((You have a pair of horns on your head.))


Message History

Your kobold barely misses the big kobold.
The centaur becomes distracted by the nearby gold, dreaming of imaginary riches.
The big kobold hits you but does no damage.
The centaur shouts!
You strike the helpless centaur from behind!
You puncture the centaur! You freeze the centaur.
You kill the centaur!
Your kobold barely misses the big kobold.
Quiver which item? (- for none, * to show all) (? for menu, Esc to quit)
Quivering
q - 15 poisoned darts for throwing.
Throwing (i - inventory. (/) - cycle)
q - 15 poisoned darts (quivered)
Press: ? - help, Shift-Dir - straight line, f - Nessos, p - kobold
Aim: Nessos, wielding a +3 longbow of flaming, wearing a +0 centaur barding of stealth and quivering 8 arrows (fast)
You throw a poisoned dart. The poisoned dart hits Nessos.
Nessos is poisoned.
Nessos is no longer distracted by gold.
Nessos shoots an arrow.
The arrow hits you!
* * * LOW HITPOINT WARNING * * *
The arrow burns you!
You die...
Your body crumbles into a pile of gold. ####..(.(. ......... ......( ....(. #...( #caK#

#)K$# #.K♣#
##$###########
##.$...........
......c###..#.##.
#####.....<...#
..............#
.##.####.......#
# #. #........ ..
...>..#.#


You could see Nessos (fast, poisoned), a big kobold, a centaur, a worker ant, a
kobold and a friendly kobold (charmed).

Vanquished Creatures
  3 two-headed ogres
  3 centaur warriors
  Erica (D:8)
  An unseen horror (D:10)
  Pikel (D:7)
  2 manticores
  A salamander (shapeshifter) (D:13)
  A black mamba (shapeshifter) (D:13)
  Psyche (D:8)
  2 gargoyles
  2 centaur skeletons (D:12)
  3 meliai (D:12)
  3 trolls
  Prince Ribbit (D:8)
  A hornet (D:9)
  A slime creature (D:11)
  2 hippogriffs (D:12)
  A shadow (D:12)
  3 yaks (D:10)
  3 wyverns
  3 hungry ghosts
  4 vampire mosquitoes (D:14)
  A soldier ant (D:13)
  2 water moccasins
  An acid dragon (D:14)
  An orc warrior (D:10)
  2 black bears
  A slave (D:7)
  3 sky beasts
  An eye of draining (D:11)
  4 phantoms
  2 wolves
  3 ogres
  14 centaurs
  5 bullfrogs
  A big kobold (Sewer)
  A wyvern zombie (D:12)
  A water moccasin zombie (D:5)
  A scorpion (D:10)
  A troll zombie (D:12)
  7 killer bees
  5 wights (D:12)
  5 howler monkeys
  3 electric eels (D:8)
  2 centaur zombies
  6 crimson imps
  2 bullfrog zombies
  10 hounds
  7 jellies
  4 bullfrog skeletons
  5 orc priests
  12 orc wizards
  Crazy Yiuf (D:2)
  5 iguanas
  8 worker ants
  9 river rats
  7 ogre zombies (D:12)
  A hound zombie (D:6)
  2 hound skeletons
  3 worker ant zombies
  Robin (D:3)
  A howler monkey skeleton (D:9)
  3 gnolls
  13 adders
  4 shadow imps
  8 oozes
  2 adder skeletons
  A worm (D:2)
  2 leopard geckos
  32 orcs
  6 giant cockroaches
  17 goblins
  7 hobgoblins
  3 jackals (D:6)
  28 kobolds
  2 quokkas
  10 ball pythons
  5 bats
  9 frilled lizards
  2 goblin skeletons (D:12)
  2 goblin zombies (D:12)
  2 hobgoblin skeletons (D:12)
  2 hobgoblin zombies (D:12)
  2 orc skeletons (D:12)
  15 orc zombies (D:12)
  A quokka zombie (D:5)
  23 rats
  A fungus (D:3)
396 creatures vanquished.

Vanquished Creatures (collateral kills)
  A jelly (D:3)
  An orc wizard (D:4)
  A gnoll (D:4)
  4 oozes (D:3)
  An orc (D:5)
  A giant cockroach (D:4)
9 creatures vanquished.

Vanquished Creatures (others)
  A troll (D:14)
  A wyvern (D:14)
  A centaur (D:14)
  A crimson imp (D:11)
  A gnoll (D:4)
  An ooze (D:3)
  A goblin (D:3)
  A ball python (D:4)
  3 fungi (D:3)
  10 toadstools (D:3)
21 creatures vanquished.

Grand Total: 426 creatures vanquished

Notes
Turn   | Place    | Note
-------+----------+-------------------------------------------
     0 | D:1      | hawla the Minotaur Artificer began the quest for the Orb.
     0 | D:1      | Reached XP level 1. HP: 16/16 MP: 1/1
   229 | D:1      | Reached XP level 2. HP: 20/23 MP: 1/3
   508 | D:1      | Found a shattered altar of Ashenzari.
   911 | D:2      | Reached XP level 3. HP: 26/28 MP: 4/4
   986 | D:2      | Reached XP level 4. HP: 27/35 MP: 5/5
  1102 | D:2      | Found a bloodstained altar of Trog.
  1679 | D:2      | Found a runed translucent door.
  1680 | D:2      | Noticed Crazy Yiuf
  2057 | D:3      | Noticed Robin
  2059 | D:2      | Reached skill level 1 in Armour
  2280 | D:3      | Killed Robin
  2446 | D:3      | Reached XP level 5. HP: 41/41 MP: 7/7
  2471 | D:3      | Found a shadowy altar of Dithmenos.
  2493 | D:3      | Found a hide-covered altar of Uskayaw.
  2950 | D:3      | Reached skill level 2 in Armour
  3172 | D:4      | Reached XP level 6. HP: 27/48 MP: 8/8
  3265 | D:4      | Found a glowing drain.
  3281 | Sewer    | Entered a sewer
  3838 | Sewer    | Reached skill level 3 in Armour
  4026 | Sewer    | Reached XP level 7. HP: 50/56 MP: 9/9
  4887 | D:4      | Reached skill level 4 in Armour
  5276 | D:5      | Entered Level 5 of the Dungeon
  5296 | D:5      | Reached skill level 5 in Evocations
  5354 | D:5      | Found an opulent altar of Gozag.
  5481 | D:5      | Became a worshipper of Gozag Ym Sagoz the Greedy
  5633 | D:5      | Reached skill level 5 in Short Blades
  5633 | D:5      | Reached XP level 8. HP: 54/63 MP: 10/10
  5757 | D:5      | Reached skill level 5 in Armour
  5869 | D:5      | Reached skill level 5 in Dodging
  6126 | D:5      | Found an iron altar of Okawaru.
  6207 | D:5      | Found a blossoming altar of Fedhas.
  6495 | D:5      | Found a snail-covered altar of Cheibriados.
  6879 | D:2      | Killed Crazy Yiuf
  7118 | D:6      | Reached skill level 6 in Armour
  7218 | D:6      | Reached skill level 1 in Staves
  7505 | D:6      | Found a hazy altar of Hepliaklqana.
  7846 | D:6      | Found Deuby's Gadget Boutique.
  7887 | D:6      | Bought a wand of clouds (7) for 495 gold pieces
  7953 | D:7      | Reached XP level 9. HP: 72/72 MP: 12/12
  7956 | D:7      | Reached skill level 1 in Long Blades
  8015 | D:7      | Found a staircase to the Ecumenical Temple.
  8394 | D:7      | Noticed Pikel
  8419 | D:7      | Killed Pikel
  8419 | D:7      | Reached skill level 7 in Armour
  8664 | D:7      | Found a shimmering blue altar of Sif Muna.
  8692 | D:7      | Noticed a two-headed ogre
  8715 | D:7      | Killed a two-headed ogre
  8715 | D:7      | Reached skill level 5 in Fighting
  8985 | D:8      | Reached skill level 5 in Long Blades
  9093 | D:8      | Reached skill level 1 in Throwing
  9185 | D:8      | Reached skill level 8 in Armour
  9188 | D:8      | Reached XP level 10. HP: 60/81 MP: 14/14
  9483 | D:8      | Noticed Psyche
  9519 | D:8      | Killed Psyche
  9799 | D:8      | Reached skill level 9 in Armour
  9803 | D:8      | Noticed Prince Ribbit
 10000 | D:8      | Found a staircase to the Lair.
 10033 | D:8      | Found a shimmering altar of Xom.
 10034 | D:8      | Noticed a two-headed ogre
 10041 | D:8      | Killed a two-headed ogre
 10229 | D:8      | Noticed Erica
 10232 | D:8      | Killed Prince Ribbit
 10250 | D:8      | Killed Erica
 10250 | D:8      | Reached skill level 5 in Staves
 10508 | D:8      | Found an ancient bone altar of Kikubaaqudgha.
 10553 | D:8      | Found a glowing silver altar of Zin.
 10717 | Temple   | Entered the Ecumenical Temple
 11150 | D:9      | Paralysed by a hornet for 1 turns
 11738 | D:10     | Entered Level 10 of the Dungeon
 11774 | D:10     | Reached skill level 10 in Armour
 11853 | D:10     | Noticed a two-headed ogre
 11858 | D:10     | Reached XP level 11. HP: 90/90 MP: 15/15
 11860 | D:10     | Killed a two-headed ogre
 12025 | D:10     | Killed an unseen horror
 12704 | D:10     | Got a vibrating sapphire amulet
 12705 | D:10     | Identified the amulet "Busuer" {Inacc rElec rF- Str-2
                  | Int+10} (You found it on level 10 of the Dungeon)
 13560 | D:11     | Found the +1 cloak of Starlight {rElec rC+ EV+4 Stlth--}
 14375 | D:6      | Bought a lightning rod (4/4) for 600 gold pieces
 14375 | D:6      | Bought a box of beasts for 300 gold pieces
 14375 | D:6      | Bought a wand of polymorph (11) for 195 gold pieces
 14375 | D:6      | Bought a wand of paralysis (7) for 135 gold pieces
 14493 | D:12     | Noticed a death knight
 14493 | D:12     | Noticed a phantasmal warrior
 14975 | D:12     | Noticed a centaur warrior
 14990 | D:12     | Killed a centaur warrior
 14996 | D:12     | Reached skill level 11 in Armour
 16111 | D:12     | Found a staircase to the Orcish Mines.
 16153 | D:12     | Reached XP level 12. HP: 98/101 MP: 17/17
 16765 | D:13     | Found Lylar's Jewellery Shop.
 16770 | D:13     | Bought the ring of Logh {Int+2 SInv} for 393 gold pieces
 17322 | D:13     | Found a glowing golden altar of the Shining One.
 17322 | D:13     | Noticed an angel
 17323 | D:13     | Found a runed translucent door.
 17490 | D:14     | Noticed a centaur warrior
 17505 | D:14     | Noticed a centaur warrior
 17513 | D:14     | Killed a centaur warrior
 17524 | D:14     | Noticed Nessos
 17545 | D:14     | HP: 7/153 [wyvern (3)]
 17552 | D:14     | Killed a centaur warrior
 17559 | D:14     | HP: 7/154 [Nessos/arrow (15)]
 17559 | D:14     | Shot with an arrow by Nessos

Illustrated notes

Levels and vault maps discovered:
D:1:      wheals_arrival_shading, layout_basic, evilmike_ruin_ashenzari
D:2:      layout_basic, lightli_temple_of_fire, first_ration,
          grunt_ministairs_13, hangedman_decor_clover_reticule,
          kennysheep_generic_room_14, uniq_crazy_yiuf_cottage
D:3:      cheibrodos_fertilizer, layout_basic, lemuel_crystal_altar,
          nicolae_dithmenos_shadow_blocks, uniq_robin
D:4:      layout_loops_ring, cheibrodos_sewer_entry_sluice, dk_vineyard_2
D:5:      layout_cave_pools, nicolae_gozag_seed_capital,
          lemuel_coloured_pillars_altar, fedhas_altar_fruit_tree,
          okawaru_altar_gauntlet_db
D:6:      layout_basic, lemuel_crystal_altar, serial_shops, shop
D:7:      layout_rooms, lemuel_blue_sif_altar, minmay_temple_entry_stoned_glass,
          uniq_pikel
D:8:      layout_rooms, lemuel_round_altar, kiku_gazebo_garden_becter,
          lemuel_round_altar, erik_lair_island, uniq_psyche,
          uniq_prince_ribbit1, uniq_erica
D:9:      layout_gridville
D:10:     layout_small_grid
D:11:     layout_irregular_city, hangedman_little_slice_of_home
D:12:     layout_small_grid, zombieorc2_lemuel
D:13:     layout_gridville, serial_shops, shop, lemuel_angel_altar
D:14:     layout_loops_cross, grunt_vaults_entry_fortified, uniq_nessos
Temple:   compressed_dpeg_circular_temple

Skill      XL: |  1  2  3  4  5  6  7  8  9 10 11 12 |
---------------+-------------------------------------+-----
Evocations     | 3 4 5 6 7 9 |  9.2
Dodging        | 3 4 5 6 7 |  7.2
Armour         | 1 2 3 4 6 8 10 11 | 11.9
Short Blades   | 2 3 5 6 7 8 |  8.0
Fighting       | 2 3 4 5 6 7 8 |  8.3
Staves         | 2 5 |  5.5
Long Blades    | 5 8 |  8.9
Throwing       | 1 2 3 4 |  4.4
Stealth        | |  0.7

Action                   |  1- 3 |  4- 6 |  7- 9 | 10-12 || total
-------------------------+-------+-------+-------+-------++-------
Melee: Short sword       |    38 |   247 |    80 |   282 ||   647
       Headbutt          |     6 |    30 |    81 |   150 ||   267
       Dagger            |       |       |   202 |   142 ||   344
       Quarterstaff      |       |       |    46 |    54 ||   100
       Falchion          |       |       |    84 |    11 ||    95
       Scimitar          |       |       |       |   174 ||   174
Throw: Dart              |       |       |     9 |    21 ||    30
       Boomerang         |       |       |       |    41 ||    41
       Javelin           |       |       |       |     4 ||     4
Evoke: Wand              |    17 |    12 |    13 |    11 ||    53
       Lightning rod     |       |       |       |     2 ||     2
  Use: Scroll            |     4 |     3 |     4 |    11 ||    22
       Potion            |       |       |     4 |    13 ||    17
 Stab: Distracted        |       |       |     2 |     1 ||     3
       Paralysed         |       |       |       |     2 ||     2
       Invisible         |       |       |       |     2 ||     2
  Eat: Chunk             |       |     7 |     3 |       ||    10
       Ration            |       |     1 |     4 |    12 ||    17
Armor: Leather armour    |     8 |       |       |       ||     8
       Ring mail         |     7 |    15 |       |       ||    22
       Chain mail        |       |    38 |   180 |   375 ||   593
       Plate armour      |       |   179 |    64 |       ||   243
       Skin              |       |       |       |    89 ||    89
Dodge: Dodged            |    28 |   155 |   233 |   469 ||   885
       Rpst.: Falchion   |       |       |    21 |     4 ||    25
       Scimitar          |       |       |       |    56 ||    56
